 Dungeon Crawl Stone Soup version 0.26-a0-1086-g9010512d90 (webtiles) character file.

Game seed: 2884407600198823081

126 HilariousDeathArtist the Changer (level 4, 0/19 HPs)
             Began as a Felid Transmuter on Dec 14, 2020.
             Was a Believer of Qazlal.
             Killed by divine providence
             ... invoked by an orc priest
              (15 damage)
             ... on level 4 of the Dungeon.
             The game lasted 00:09:42 (5224 turns).

HilariousDeathArtist the Changer (Felid Transmuter) Turns: 5224, Time: 00:09:43

Health: 0/19       AC:  2    Str:  6    XL:     4   Next: 84%
Magic:  8/8        EV: 25    Int: 15    God:    Qazlal [**....]
Gold:   249        SH:  2    Dex: 21    Spells: 4/8 levels left
                                        Lives:  0   Deaths: 1

rFire    . . .     SeeInvis +     - Unarmed
rCold    . . .     Faith    .   (shield unavailable)
rNeg     . . .     Spirit   .   (armour unavailable)
rPois    .         Reflect  .   (helmet unavailable)
rElec    .         Harm     .   (cloak unavailable)
rCorr    .         Rampage  .   (gloves unavailable)
Will     .....                  (boots unavailable)
Stlth    ++........             f - amulet of magic regeneration
HPRegen  0.06/turn              a - +4 ring of evasion
MPRegen  0.36/turn              P - ring of poison resistance {rPois, !d}

@: spider-form (expiring)
A: tiny, no armour, no weapons or thrown items, stealth, see invisible
a: End Transformation, Upheaval, Renounce Religion


You were on level 4 of the Dungeon.
You worshipped Qazlal.
Qazlal was pleased with you.
You were a venomous arachnid creature.
You visited 1 branch of the dungeon, and saw 4 of its levels.

You collected 249 gold pieces.

Inventory:

Jewellery
 a - a +4 ring of evasion (left front leg)
   (You found it on level 1 of the Dungeon)
 f - an amulet of magic regeneration (around neck)
   (You found it on level 1 of the Dungeon)
 P - a ring of poison resistance (right front leg) {rPois, !d}
   (You found it on level 1 of the Dungeon)
Wands
 o - a wand of random effects (18)
   (You took it off Ijyb on level 3 of the Dungeon)
Scrolls
 c - 3 scrolls of identify
 g - a scroll of teleportation
 j - a scroll of fear
 k - a scroll of blinking {unknown}
 n - a scroll of fog {unknown}
 p - a scroll of remove curse
Potions
 b - a potion of attraction {unknown}
 d - 2 potions of lignification {unknown}
 e - a potion of might {unknown}
 h - 2 potions of curing {unknown}
 i - a potion of brilliance {unknown}
 l - a potion of mutation {unknown}
 m - a potion of degeneration {unknown}


   Skills:
 - Level 1.5 Fighting
 - Level 3.1 Dodging
 - Level 1.2 Stealth
 - Level 3.2 Unarmed Combat
 + Level 2.6 Spellcasting
 + Level 4.2 Transmutations
 - Level 2.0 Poison Magic


You had 4 spell levels left.
You knew the following spells:

 Your Spells              Type           Power        Failure   Level
a - Beastly Appendage     Tmut           ##....       12%         1
c - Spider Form           Tmut/Pois      ##........   36%         3

Your spell library contained the following spells:

 Spells                   Type           Power        Failure   Level
 Wereblood                Tmut           ##......     16%         2
 Ice Form                 Ice/Tmut       #.......     83%         4
 Blade Hands              Tmut           ##........   87%         5


Dungeon Overview and Level Annotations

Branches:
Dungeon (4/15)
 Temple: D:4-7

Altars:
Kikubaaqudgha
Qazlal


Innate Abilities, Weirdness & Mutations

You cannot wear armour.
You are incapable of wielding weapons or throwing items.
Your paws allow you to move quietly. (Stealth)
((You have sharp claws.))
((You have razor-sharp teeth.))
You have supernaturally acute eyesight. (SInv)
((You cover ground quickly.))
((You are covered in fur. (AC +1)))
((Your sharp claws are effective at attacking unaware monsters.))


Message History

You climb upwards.
There is a stone staircase leading down here.
You grow a pair of large bovine horns.
The worker ant completely misses you.
You now have 7/8 mp.
You scratch the worker ant.
You headbutt the worker ant, but do no damage.
The worker ant completely misses you. The worker ant misses you.
You closely miss the worker ant. You headbutt the worker ant.
The worker ant barely misses you.
MP restored: 8 You barely miss the worker ant.
The worker ant closely misses you.
You scratch the worker ant but do no damage.
The worker ant closely misses you.
You scratch the worker ant but do no damage.
The worker ant closely misses you.
You scratch the worker ant. You headbutt the worker ant.
Your bite misses the worker ant. The worker ant bites you!
You take 7 damage, and have 12/19 hp.
MASSIVE DAMAGE!!
You scratch the worker ant but do no damage.
The worker ant misses you.
You scratch the worker ant but do no damage.
You claw the worker ant. You block the worker ant's attack.
The worker ant closely misses you.
You scratch the worker ant.
You kill the worker ant!
Qazlal accepts your kill.
No target in view!
You start resting.
Your transformation is almost over.
You start resting.
Your horns disappear.
You start resting.
Health restored: 19
(D) Dungeon
Where to? (Enter - D:4, ? - help)
You climb downwards.
There is a stone staircase leading up here.
Unknown command.
Found a stone staircase leading down.
You now have 249 gold pieces (gained 9).
You see here a hunting sling.
Found an escape hatch in the floor.
c - 3 scrolls of identify (gained 1)
A worm comes into view.
The worm moves out of view.
A worm is nearby!
You grow a pair of large bovine horns.
You now have 7/8 mp.
MP restored: 8 You see here 7 javelins {=f}.
You scratch the worm but do no damage. You claw the worm! The worm bites you.
You take 6 damage, and have 13/19 hp.
MASSIVE DAMAGE!!
You scratch the worm. You bite the worm. You scratch the worm.
You kill the worm!
Qazlal accepts your kill.
Found a stone staircase leading down.
Your transformation is almost over.
There is a stone staircase leading up here.
You start resting.
Your horns disappear.
You start resting.
You hear a shout! x5; You hear an angry hiss.
You hear a shout!
Health restored: 19 An orc wizard comes into view.
It is wielding a +0 dagger and wearing a +1 robe of willpower.
An orc wizard is nearby!
There is a stone staircase leading up here.
You climb upwards.
There is a stone staircase leading down here.
The spell is extremely dangerous to cast (17% risk of failure)!
Continue anyway?
You turn into a venomous arachnid creature.
You now have 5/8 mp.
You climb downwards.
There is a stone staircase leading up here.
An orc priest comes into view. It is wielding a +0 dagger.
The orc priest moves out of view.
Your transformation is almost over.
The orc wizard casts a spell at you. The puff of frost misses you.
An orc comes into view. It is wielding a -2 flail.
An orc priest comes into view. It is wielding a +0 hand axe.
The orc wizard completely misses you.
The orc priest shouts!
The orc shouts!
You hit the orc wizard but do no damage.
The orc wizard is poisoned.
The orc wizard misses you.
MP restored: 8 The orc wizard points at you and mumbles some strange words.
The magic dart hits you.
You take 4 damage, and have 15/19 hp.
MASSIVE DAMAGE!!
The orc wizard points at you and mumbles some strange words.
The puff of flame misses you.
There is a stone staircase leading up here.
The orc priest invokes the aid of Beogh against you.
Beogh smites you!
Ouch! That really hurt!
You die...

#....###.....#.....#...#####
#.#### #.......###.#.### #
##.......###...#
#..).....(>...##### ##
#####........###......# ..
#............# #......##.#
#.####.......# #.###.....#
#.......# #.# ##.#†..
#...s...###.####..(##
#.......o......#.....
#......o.......#.####
#####.o#.........#
##..........## ###.......##
........... ###.......###
#..>....#


You could see an orc priest, an orc wizard (very poisoned) and an orc.

Vanquished Creatures
  Ijyb (D:3)
  A worker ant (D:3)
  5 adders
  3 worms
  A dart slug (D:1)
  2 leopard geckos
  7 orcs (D:3)
  4 giant cockroaches
  4 goblins
  6 hobgoblins
  6 jackals
  4 kobolds
  2 ball pythons
  10 bats
  3 frilled lizards
  6 rats
65 creatures vanquished.

Vanquished Creatures (others)
  A goblin (D:1)
  7 plants (D:2)
8 creatures vanquished.

Grand Total: 73 creatures vanquished

Notes
Turn   | Place    | Note
-------+----------+-------------------------------------------
     0 | D:1      | HilariousDeathArtist the Felid Transmuter began the quest
                  | for the Orb.
     0 | D:1      | Reached XP level 1. HP: 9/9 MP: 4/4
   121 | D:1      | HP: 2/9 [hobgoblin (3)]
   545 | D:1      | Reached skill level 1 in Stealth
   545 | D:1      | Reached XP level 2. HP: 12/12 MP: 4/6
   594 | D:1      | Reached skill level 3 in Dodging
  1160 | D:2      | Found a faded altar of an unknown god.
  1185 | D:2      | Became a worshipper of Qazlal Stormbringer
  1185 | D:2      | Reached * piety under Qazlal
  1482 | D:2      | Reached XP level 3. HP: 14/15 MP: 7/7
  1486 | D:2      | Learned a level 3 spell: Spider Form
  1619 | D:2      | HP: 1/15 [worm (8)]
  2780 | D:3      | Noticed Ijyb
  2791 | D:3      | Killed Ijyb
  2792 | D:3      | Reached skill level 3 in Transmutations
  2792 | D:3      | Reached skill level 1 in Poison Magic
  2792 | D:3      | Reached XP level 4. HP: 19/19 MP: 8/8
  3517 | D:3      | Found an ancient bone altar of Kikubaaqudgha.
  3551 | D:3      | HP: 3/19 [adder (3)]
  3558 | D:3      | Slain by an adder
  3559 | D:3      | Reached XP level 3. HP: 0/15 MP: 7/7
  3824 | D:3      | Reached ** piety under Qazlal
  3825 | D:3      | Reached skill level 2 in Poison Magic
  3825 | D:3      | Reached XP level 4. HP: 19/19 MP: 6/8
  4693 | D:3      | Reached skill level 4 in Transmutations
  5224 | D:4      | Killed from afar by an orc priest

Illustrated notes

Levels and vault maps discovered:
D:1:      psy_arrival_whirlpool, layout_loops_ring, lemuel_old_faithful
D:2:      cheibrodos_old_hovel, layout_basic, chequers_ecumenical_altar_island
D:3:      layout_basic, old_standard_altar, uniq_ijyb
D:4:      layout_rooms, grunt_temple_overflow_open,
          nicolae_ashenzari_panopticon, uniq_pikel

Skill      XL: |  1  2  3  4 |
---------------+-------------+-----
Stealth        | 1 |  1.2
Dodging        | 3 |  3.1
Transmutations | 3 4 |  4.2
Poison Magic   | 2 |  2.0
Fighting       | |  1.5
Unarmed Combat | |  3.2
Spellcasting   | |  2.6

Action                   |  1- 3 |  4- 6 || total
-------------------------+-------+-------++-------
Melee: Unarmed           |   134 |   119 ||   253
       Headbutt          |    13 |    12 ||    25
       Bite              |     9 |     9 ||    18
       Punch             |     1 |     3 ||     4
 Cast: Beastly Appendage |    18 |    12 ||    30
       Spider Form       |     1 |     1 ||     2
Evoke: Wand              |     2 |       ||     2
  Use: Scroll            |       |     3 ||     3
 Stab: Sleeping          |     2 |       ||     2
Armor: Skin              |     8 |     6 ||    14
Dodge: Dodged            |   110 |   115 ||   225
Block: Other             |     4 |     7 ||    11

Table legend: (Time is in decaauts)
 A = Elapsed time spent in this place.
 B = Non-inter-level travel time spent in this place.
 C = Inter-level travel time spent in this place.
 D = Time resting spent in this place.
 E = Time spent auto-exploring this place.
 F = Levels seen in this place.
 G = Mean time per level.
                   A        B        C        D        E       F      G
               +--------+--------+--------+--------+--------+-----+--------+
         Total |   4691 |   4389 |    302 |   1980 |   1551 |   4 | 1172.8 |
       Dungeon |   4691 |   4389 |    302 |   1980 |   1551 |   4 | 1172.8 |
               +--------+--------+--------+--------+--------+-----+--------+

Top non-repeatable levels by time:
     D:2: 1652 daAuts
     D:1: 1580 daAuts
     D:3: 1301 daAuts
     D:4: 157 daAuts

Table legend:
 A = Kills in this place as a percentage of kills in entire the game.
 B = Kills by you in this place as a percentage of kills by you in the entire game.
 C = Kills by friends in this place as a percentage of kills by friends in the entire game.
 D = Other kills in this place as a percentage of other kills in the entire game.
 E = Experience gained in this place as a percentage of experience gained in the entire game.
 F = Experience gained in this place divided by the number of levels of this place that you have seen.
                   A       B       C       D       E      F
               +-------+-------+-------+-------+-------+----------------------
         Total | 100.0 | 100.0 |   N/A |   N/A | 100.0 |  64.0
       Dungeon | 100.0 | 100.0 |   N/A |   N/A | 100.0 |  64.0
               +-------+-------+-------+-------+-------+----------------------
